SL
NEW JERSEY FENIX @ ATHLETIC CLUB KC
07/26/2034
 
TOP OF THE 1ST
New Jersey Fenix batting - Pitching for Athletic Club KC : RHP Raúl Luna
Pitching: RHP Raúl Luna
Batting: LHB Alexis Raimbault 0-0: Called Strike
0-1: Foul Ball, location: 2F
0-2: Strikes out swinging
Batting: SHB Shiki Sanu 0-0: Ball
1-0: Called Strike
1-1: Called Strike
1-2: Ball
2-2: Ball
3-2: Strikes out looking
Batting: LHB Pedro Gutiérrez 0-0: Ball
1-0: Ball
2-0: Called Strike
2-1: Ball
3-1: Fly out, F2 (Popup, 25F)
Top of the 1st over - 0 runs, 0 hits, 0 errors, 0 left on base; New Jersey 0 - Athletic Club KC 0
BOTTOM OF THE 1ST
Athletic Club KC batting - Pitching for New Jersey Fenix : RHP Maru Pao Pao
Pitching: RHP Maru Pao Pao
Batting: LHB Melvin Castro 0-0: Called Strike
0-1: Ball
1-1: Ball
2-1: Fly out, F3 (Line Drive, 4)
Batting: SHB Akihiko Fujii 0-0: Ball
1-0: Ball
2-0: Fly out, F9 (Flyball, 9LS)
Batting: RHB Jesús Vargas 0-0: Swinging Strike
0-1: Ball
1-1: Fly out, F9 (Flyball, 9S)
Bottom of the 1st over - 0 runs, 0 hits, 0 errors, 0 left on base; New Jersey 0 - Athletic Club KC 0
TOP OF THE 2ND
New Jersey Fenix batting - Pitching for Athletic Club KC : RHP Raúl Luna
Batting: RHB José Carlos Pérez 0-0: Swinging Strike
0-1: SINGLE (Line Drive, 4MD)
Batting: LHB Josh Platt 0-0: Swinging Strike
0-1: Ball
1-1: Foul Ball, location: 2F
1-2: Foul Ball, location: 2F
1-2: Fielders Choice at 2nd, 1-6 (Groundball, 13S)
Batting: RHB Bobby Butterfield 0-0: Ball
1-0: Ball
2-0: Foul Ball, location: 2F
2-1: Called Strike
2-2: Fielders Choice at 2nd, 5-4 (Groundball, 56)
Batting: RHB Norman Winston 0-0: Ball
1-0: Ball
2-0: Called Strike
2-1: Swinging Strike
2-2: Ball
Throwing error on steal attempt, E2
Bobby Butterfield to third
3-2: Base on Balls
Batting: LHB Yin-reng Hsueh 0-0: Called Strike
0-1: Foul Ball, location: 2F
0-2: Foul Ball, location: 2F
0-2: Ball
1-2: Strikes out looking
Top of the 2nd over - 0 runs, 1 hit, 1 error, 2 left on base; New Jersey 0 - Athletic Club KC 0
BOTTOM OF THE 2ND
Athletic Club KC batting - Pitching for New Jersey Fenix : RHP Maru Pao Pao
Batting: LHB Pablo Hernández 0-0: Ball
1-0: Called Strike
1-1: Called Strike
1-2: SINGLE (Line Drive, 6D)
Batting: RHB Andrés Medina 0-0: Ball
1-0: SINGLE (Flyball, 8LS)
Pablo Hernández to second
Batting: SHB Pedro Vázquez 0-0: Swinging Strike
0-1: Foul Ball, location: 2F
0-2: Strikes out swinging
Batting: LHB Wu-shun Chu 0-0: Foul Ball, location: 2F
0-1: Ball
1-1: Ball
2-1: Ball
3-1: Fly out, F8 (Flyball, 8RD)
Batting: LHB Onye Mahusay 0-0: Called Strike
0-1: Swinging Strike
0-2: Ball
1-2: Ball
2-2: Ball
3-2: Foul Ball, location: 2F
3-2: Strikes out looking
Bottom of the 2nd over - 0 runs, 2 hits, 0 errors, 2 left on base; New Jersey 0 - Athletic Club KC 0
TOP OF THE 3RD
New Jersey Fenix batting - Pitching for Athletic Club KC : RHP Raúl Luna
Batting: LHB Elian Gonzalez 0-0: Called Strike
0-1: Ball
1-1: Called Strike
1-2: Strikes out swinging
Batting: LHB Alexis Raimbault 0-0: Ball
1-0: Ball
2-0: Called Strike
2-1: Foul Ball, location: 2F
2-2: Ball
3-2: Strikes out looking
Batting: SHB Shiki Sanu 0-0: Called Strike
0-1: Foul Ball, location: 2F
0-2: Ball
1-2: Ball
2-2: Ball
3-2: Strikes out looking
Top of the 3rd over - 0 runs, 0 hits, 0 errors, 0 left on base; New Jersey 0 - Athletic Club KC 0
BOTTOM OF THE 3RD
Athletic Club KC batting - Pitching for New Jersey Fenix : RHP Maru Pao Pao
Batting: RHB Roger Caffyn 0-0: Ball
1-0: Ball
2-0: Bunt for hit - play at first, batter OUT! 1-3
Batting: LHB Melvin Castro 0-0: Ball
1-0: Fly out, F8 (Flyball, 8RM)
Batting: SHB Akihiko Fujii 0-0: Foul Ball, location: 2F
0-1: Ball
1-1: Foul Ball, location: 2F
1-2: Ground out 4-3 (Groundball, 4)
Bottom of the 3rd over - 0 runs, 0 hits, 0 errors, 0 left on base; New Jersey 0 - Athletic Club KC 0
TOP OF THE 4TH
New Jersey Fenix batting - Pitching for Athletic Club KC : RHP Raúl Luna
Batting: LHB Pedro Gutiérrez 0-0: Ball
1-0: Ball
2-0: Called Strike
2-1: Ball
3-1: Foul Ball, location: 2F
3-2: SINGLE (Groundball, 56D)
Batting: RHB José Carlos Pérez 0-0: Ball
1-0: Swinging Strike
1-1: Swinging Strike
1-2: Strikes out swinging
Batting: LHB Josh Platt 0-0: Ball
1-0: Ball
2-0: Ball
3-0: Called Strike
3-1: Base on Balls
Pedro Gutiérrez to second
Batting: RHB Bobby Butterfield 0-0: Ball
1-0: Ball
2-0: DOUBLE (Line Drive, 78XD)
Pedro Gutiérrez scores
Josh Platt to third
Batting: RHB Norman Winston 0-0: Ball
1-0: Ball
2-0: Foul Ball, location: 2F
2-1: Ball
3-1: Fly out, F4 (Popup, 4D)
Batting: LHB Yin-reng Hsueh 0-0: Ball
1-0: Foul Ball, location: 2F
1-1: Ball
2-1: Called Strike
2-2: Strikes out swinging
Top of the 4th over - 1 run, 2 hits, 0 errors, 2 left on base; New Jersey 1 - Athletic Club KC 0
BOTTOM OF THE 4TH
Athletic Club KC batting - Pitching for New Jersey Fenix : RHP Maru Pao Pao
Batting: RHB Jesús Vargas 0-0: Ball
1-0: Ball
2-0: Ball
3-0: Foul Ball, location: 2F
3-1: Foul Ball, location: 2F
3-2: Base on Balls
Batting: LHB Pablo Hernández 0-0: Ball
1-0: Called Strike
1-1: Ball
2-1: Called Strike
2-2: DOUBLE (Line Drive, 7LM)
Jesús Vargas to third
Batting: RHB Andrés Medina 0-0: Foul Ball, location: 2F
0-1: Swinging Strike
0-2: Ball
1-2: Ball
2-2: Ball
3-2: Strikes out swinging
Batting: SHB Pedro Vázquez 0-0: Called Strike
0-1: Ball
1-1: Ball
2-1: Ball
3-1: Called Strike
3-2: Base on Balls
Batting: LHB Wu-shun Chu 0-0: Called Strike
0-1: Foul Ball, location: 2F
0-2: Fielders Choice at 2nd, 3-6 (Groundball, 34)
Jesús Vargas scores
Pablo Hernández to third
Batting: LHB Onye Mahusay 0-0: Ground out 1-3 (Groundball, 15S)
Bottom of the 4th over - 1 run, 1 hit, 0 errors, 2 left on base; New Jersey 1 - Athletic Club KC 1
TOP OF THE 5TH
New Jersey Fenix batting - Pitching for Athletic Club KC : RHP Raúl Luna
Batting: LHB Elian Gonzalez 0-0: Foul Ball, location: 2F
0-1: Ball
1-1: Swinging Strike
1-2: Strikes out swinging
Batting: LHB Alexis Raimbault 0-0: Fly out, F7 (Flyball, 7D)
Batting: SHB Shiki Sanu 0-0: Foul Ball, location: 2F
0-1: Foul Ball, location: 2F
0-2: Ball
1-2: Ball
2-2: Ground out U3 (Groundball, 3)
Top of the 5th over - 0 runs, 0 hits, 0 errors, 0 left on base; New Jersey 1 - Athletic Club KC 1
BOTTOM OF THE 5TH
Athletic Club KC batting - Pitching for New Jersey Fenix : RHP Maru Pao Pao
Batting: RHB Roger Caffyn 0-0: Called Strike
0-1: Single, Error in OF, E9, batter to second base
Batting: LHB Melvin Castro 0-0: Ball
1-0: Called Strike
1-1: Ball
2-1: Ball
3-1: Base on Balls
Batting: SHB Akihiko Fujii 0-0: Ball
1-0: Ball
2-0: Sac Bunt - play at first, batter OUT! 3-4
Roger Caffyn to third
Melvin Castro to second
Batting: RHB Jesús Vargas 0-0: Fly out, F3 (Popup, 3SF)
Batting: LHB Pablo Hernández 0-0: Called Strike
0-1: Swinging Strike
0-2: Foul Ball, location: 2F
0-2: Foul Ball, location: 2F
0-2: Foul Ball, location: 2F
0-2: Ball
1-2: Ball
2-2: Strikes out swinging
Bottom of the 5th over - 0 runs, 1 hit, 1 error, 2 left on base; New Jersey 1 - Athletic Club KC 1
TOP OF THE 6TH
New Jersey Fenix batting - Pitching for Athletic Club KC : RHP Raúl Luna
Batting: LHB Pedro Gutiérrez 0-0: Foul Ball, location: 2F
0-1: Ball
1-1: Ground out 6-3 (Groundball, 6)
Batting: RHB José Carlos Pérez 0-0: Hit by Pitch
Batting: LHB Josh Platt 0-0: Ball
1-0: Fly out, F7 (Flyball, 7LS)
Batting: RHB Bobby Butterfield 0-0: Ball
1-0: Swinging Strike
1-1: Ball
2-1: Called Strike
2-2: Strikes out looking
Top of the 6th over - 0 runs, 0 hits, 0 errors, 1 left on base; New Jersey 1 - Athletic Club KC 1
BOTTOM OF THE 6TH
Athletic Club KC batting - Pitching for New Jersey Fenix : RHP Maru Pao Pao
Batting: RHB Andrés Medina 0-0: Ground out 5-3 (Groundball, 5)
Batting: SHB Pedro Vázquez 0-0: Ball
1-0: Ball
2-0: Ball
3-0: Base on Balls
Batting: LHB Wu-shun Chu 0-0: Called Strike
Pedro Vázquez steals 2nd base
0-1: Foul Ball, location: 2F
0-2: Ball
1-2: Ball
2-2: Ball
3-2: Base on Balls
Batting: LHB Onye Mahusay 0-0: Foul Ball, location: 2F
0-1: Swinging Strike
0-2: Strikes out swinging
Batting: RHB Roger Caffyn 0-0: Called Strike
0-1: Foul Ball, location: 2F
0-2: Ball
1-2: Foul Ball, location: 2F
1-2: Ball
2-2: Ground out 4-3 (Groundball, 4)
Bottom of the 6th over - 0 runs, 0 hits, 0 errors, 2 left on base; New Jersey 1 - Athletic Club KC 1
TOP OF THE 7TH
New Jersey Fenix batting - Pitching for Athletic Club KC : RHP Raúl Luna
Batting: RHB Norman Winston 0-0: Ball
1-0: Called Strike
1-1: Ball
2-1: Ground out 6-3 (Groundball, 6)
Batting: LHB Yin-reng Hsueh 0-0: Foul Ball, location: 2F
0-1: Ball
1-1: Ground out 4-3 (Groundball, 4)
Batting: LHB Elian Gonzalez 0-0: Fly out, F7 (Line Drive, 7LM)
Top of the 7th over - 0 runs, 0 hits, 0 errors, 0 left on base; New Jersey 1 - Athletic Club KC 1
BOTTOM OF THE 7TH
Athletic Club KC batting - Pitching for New Jersey Fenix : RHP Maru Pao Pao
Batting: LHB Melvin Castro 0-0: Called Strike
0-1: Called Strike
0-2: Strikes out swinging
Batting: SHB Akihiko Fujii 0-0: Ball
1-0: Called Strike
1-1: SOLO HOME RUN (Flyball, 9LD), Distance : 357 ft
Batting: RHB Jesús Vargas 0-0: Called Strike
0-1: Called Strike
0-2: Foul Ball, location: 2F
0-2: Ball
1-2: Strikes out swinging
Batting: LHB Pablo Hernández 0-0: Swinging Strike
0-1: Ball
1-1: Ball
2-1: Ball
3-1: Base on Balls
Pitching: RHP Andrei-Luiz Frial
Pinch Hitting: LHB Ramón Morterero 0-0: Ball
1-0: Ball
2-0: Ground out 5-3 (Groundball, 56S)
Bottom of the 7th over - 1 run, 1 hit, 0 errors, 1 left on base; New Jersey 1 - Athletic Club KC 2
TOP OF THE 8TH
New Jersey Fenix batting - Pitching for Athletic Club KC : RHP Raúl Luna
Pitching: RHP Felipe Aiba
Now at 3B: Khal Drogo
Batting: LHB Alexis Raimbault 0-0: Ball
1-0: Foul Ball, location: 2F
1-1: Ball
2-1: Foul Ball, location: 2F
2-2: Foul Ball, location: 2F
2-2: Foul Ball, location: 2F
2-2: Strikes out looking
Batting: SHB Shiki Sanu 0-0: Ball
1-0: Called Strike
1-1: Foul Ball, location: 2F
1-2: SINGLE (Line Drive, 9LS)
Batting: LHB Pedro Gutiérrez 0-0: Ball
1-0: Grounds into double play, 4-6-3 (Groundball, 34)
Top of the 8th over - 0 runs, 1 hit, 0 errors, 0 left on base; New Jersey 1 - Athletic Club KC 2
BOTTOM OF THE 8TH
Athletic Club KC batting - Pitching for New Jersey Fenix : RHP Andrei-Luiz Frial
Batting: SHB Pedro Vázquez 0-0: Called Strike
0-1: Foul Ball, location: 2F
0-2: Foul Ball, location: 2F
0-2: Strikes out swinging
Batting: LHB Wu-shun Chu 0-0: Ball
1-0: Ground out 4-3 (Groundball, 4)
Batting: LHB Onye Mahusay 0-0: SINGLE (Groundball, 34D)
Batting: RHB Roger Caffyn 0-0: Ball
Onye Mahusay steals 2nd base
1-0: Swinging Strike
1-1: Foul Ball, location: 2F
1-2: Strikes out swinging
Bottom of the 8th over - 0 runs, 1 hit, 0 errors, 1 left on base; New Jersey 1 - Athletic Club KC 2
TOP OF THE 9TH
New Jersey Fenix batting - Pitching for Athletic Club KC : RHP Felipe Aiba
Batting: RHB José Carlos Pérez 0-0: Called Strike
0-1: Swinging Strike
0-2: Strikes out looking
Batting: LHB Josh Platt 0-0: Called Strike
0-1: Called Strike
0-2: Ball
1-2: Foul Ball, location: 2F
1-2: Strikes out swinging
Pinch Hitting: LHB Javier Sánchez 0-0: Ball
1-0: Foul Ball, location: 2F
1-1: Called Strike
1-2: Ball
2-2: Strikes out swinging
Top of the 9th over - 0 runs, 0 hits, 0 errors, 0 left on base; New Jersey 1 - Athletic Club KC 2
Friday, March 29th, 2019 - OOTP Baseball 18.8 Build 76